 Dungeon Crawl Stone Soup version 0.26-a0-720-g2a1d101370 (webtiles) character file.

Game seed: 10295526641433155121

22 marklar909 the Ruffian (level 2, -2/23 HPs)
             Began as a Draconian Transmuter on Nov 3, 2020.
             Killed from afar by an orc wizard (4 damage)
             ... with a magic dart
             ... on level 2 of the Dungeon.
             The game lasted 00:00:43 (1600 turns).

marklar909 the Ruffian (Draconian Transmuter)       Turns: 1600, Time: 00:00:44

Health: -2/23      AC:  4    Str: 12    XL:     2   Next: 68%
Magic:  4/5        EV: 12    Int: 13    God:
Gold:   67         SH:  0    Dex: 11    Spells: 4/5 levels left

rFire    . . .     SeeInvis .     - Unarmed
rCold    . . .     Faith    .   (no shield)
rNeg     . . .     Spirit   .   (armour unavailable)
rPois    .         Reflect  .   (helmet restricted)
rElec    .         Harm     .   (no cloak)
rCorr    .         Rampage  .   (no gloves)
MR       .....                  (no boots)
Stlth    +.........             (no amulet)
HPRegen  0.07/turn              (no ring)
MPRegen  0.09/turn              (no ring)

@: no status effects
A: unfitting armour, cold-blooded, AC +4
a: no special abilities


You were on level 2 of the Dungeon.
You visited 1 branch of the dungeon, and saw 2 of its levels.

You collected 67 gold pieces.

Inventory:

Jewellery
 o - an uncursed ring of protection from cold {unknown}
Scrolls
 a - 2 scrolls of identify {unknown}
 b - a scroll of amnesia {unknown}
 d - a scroll of noise {unknown}
 f - a scroll of remove curse {unknown}
 g - 3 scrolls of magic mapping {unknown}
 j - 3 scrolls of teleportation {unknown}
 l - a scroll of enchant weapon {unknown}
Potions
 c - a potion of cancellation
 e - a potion of lignification {unknown}
 h - a potion of heal wounds {unknown}
 i - a potion of might {unknown}
 k - a potion of berserk rage {unknown}
 m - 2 potions of curing {unknown}
 n - a potion of mutation {unknown}


   Skills:
 + Level 1.1 Fighting
 + Level 1.9 Dodging
 + Level 0.3 Stealth
 + Level 3.4 Unarmed Combat
 + Level 2.1 Spellcasting
 + Level 2.4 Transmutations


You had 4 spell levels left.
You knew the following spells:

 Your Spells              Type           Power        Failure   Level
a - Beastly Appendage     Tmut           #.....       10%         1

Your spell library contained the following spells:

 Spells                   Type           Power        Failure   Level
 Wereblood                Tmut           #.......     14%         2
 Spider Form              Tmut/Pois      #.........   43%         3
 Ice Form                 Ice/Tmut       #.......     83%         4
 Blade Hands              Tmut           #.........   95%         5


Dungeon Overview and Level Annotations

Branches:
Dungeon (2/15)

Altars:


Innate Abilities, Weirdness & Mutations

Your plain brown scales are hard. (AC +4)
You cannot fit into any form of body armour.
You are cold-blooded and may be slowed by cold attacks.


Message History

You claw the orc wizard. You headbutt the orc wizard.
The orc wizard is lightly wounded.
The orc wizard hits you with a +0 dagger of flaming.
* * * LOW HITPOINT WARNING * * *
The orc wizard burns you.
* * * LOW HITPOINT WARNING * * *
You punch the orc wizard! You claw the orc wizard.
The orc wizard is severely wounded.
The orc wizard hits you with a +0 dagger of flaming.
* * * LOW HITPOINT WARNING * * *
The orc wizard burns you.
* * * LOW HITPOINT WARNING * * *
The orc wizard hits you but does no damage.
It was a potion of cancellation.
Your magical effects are unravelling.
You feel magically purged.
Your horns disappear.
Your talons disappear.
You feel yourself speed up.
The orc wizard points at you and mumbles some strange words.
The magic dart hits you.
You die...

. .# .. #.# ...
#.# .. #.#
#$####.###
#..)$#... #o#.#
#@..# .##.
###.###....
#.....#
#####.#.....#
###.....#.#....
.....###.#.# #.#
...........###.##.
.....###.≈≈≈≈#...
........≈≈≈≈≈≈###


You could see an orc wizard.

Vanquished Creatures
  An orc wizard (D:2)
  An ooze (D:1)
  An orc (D:2)
  A bat (D:1)
  3 giant cockroaches
  2 goblins (D:1)
  A hobgoblin (D:1)
  2 frilled lizards (D:1)
  A kobold (D:1)
13 creatures vanquished.

Notes
Turn   | Place    | Note
-------+----------+-------------------------------------------
     0 | D:1      | marklar909 the Draconian Transmuter began the quest for the
                  | Orb.
     0 | D:1      | Reached XP level 1. HP: 16/16 MP: 3/3
  1000 | D:1      | Reached XP level 2. HP: 23/23 MP: 3/5
  1600 | D:2      | Killed from afar by an orc wizard

Illustrated notes

Levels and vault maps discovered:
D:1:      lightli_arrival_windingriver, layout_basic
D:2:      wander_river, layout_basic, nicolae_ru_great_annihilating_truth,
          uniq_robin

Action                   || total
-------------------------++-------
Melee: Unarmed           ||    46
       Kick              ||    12
       Tailslap          ||     6
       Headbutt          ||     4
       Punch             ||     1
 Cast: Beastly Appendage ||    12
  Use: Potion            ||     1
Armor: Skin              ||    12
Dodge: Dodged            ||    15

Table legend: (Time is in decaauts)
 A = Elapsed time spent in this place.
 B = Non-inter-level travel time spent in this place.
 C = Inter-level travel time spent in this place.
 D = Time resting spent in this place.
 E = Time spent auto-exploring this place.
 F = Levels seen in this place.
 G = Mean time per level.
                   A        B        C        D        E       F      G
               +--------+--------+--------+--------+--------+-----+--------+
         Total |   1598 |   1567 |     31 |      0 |   1445 |   2 |  799.0 |
       Dungeon |   1598 |   1567 |     31 |      0 |   1445 |   2 |  799.0 |
               +--------+--------+--------+--------+--------+-----+--------+

Top non-repeatable levels by time:
     D:1: 1511 daAuts
     D:2: 87 daAuts
